Map: Romanticide LE

Players

GameofDrones

  • Race: Zerg Zerg
  • League: Diamond
  • Spawn Location: 11:00

PaRaGoNPasT - Winner!

  • Race: Zerg Zerg
  • League: Master
  • Spawn Location: 5:00

VOD

Have the link to the VOD?

Description

Time

  • Played on: Dec. 1, 2020, 10:16 a.m.
  • Length: 7:38
Show
View Real Time Build Order
Export as new Build Order

GameofDrones Zerg 

Build Orders: Hatch First 

Get SALT Encoding   

  12  0:00  Drone  
  13  0:12  Overlord  
  13  0:17  Drone  
  14  0:30  Drone  
  14  0:31  Drone  
  16  0:50  Hatchery  
  16  0:52  Drone  
  16  0:56  Drone  
  17  0:59  Drone  
  18  1:12  Extractor  
  18  1:14  Spawning Pool  
  18  1:17  Drone  
  17  1:21  Drone  
  18  1:29  Drone  
  20  1:40  Drone  
  20  1:54  Overlord  
  20  2:03  Queen x2  
  20  2:05  Drone  
  20  2:06  Drone  
  26  2:14  Zergling x4, Metabolic Boost  
  28  2:22  Zergling x2  
  29  2:26  Drone  
  30  2:39  Hatchery  
  30  2:40  Drone  
  30  2:46  Drone  
  30  2:47  Overlord  
  31  3:05  Drone x3, Roach Warren  
  33  3:08  Drone  
  33  3:12  Drone  
  35  3:14  Drone  
  35  3:16  Drone  
  36  3:27  Evolution Chamber  
  36  3:28  Drone, Baneling Nest  
  36  3:29  Drone  
  36  3:34  Zergling x4  
  37  3:44  Queen, Evolution Chamber  
  38  3:52  Drone x2  
  38  3:53  Drone x2  
  42  4:01  Overlord  
  42  4:04  Lair  
  42  4:09  Drone x3  
  45  4:15  Baneling x4  
  45  4:18  Drone x3  
  45  4:20  Extractor  
  45  4:21  Extractor  
  45  4:24  Drone x2  
  48  4:25  Drone  
  49  4:37  Overlord x2  
  49  4:40  Roach  
  49  4:41  Roach x2  
  55  4:49  Overlord x2  
  56  4:52  Drone  
  56  4:53  Drone x2  
  56  4:56  Overlord  
  56  4:57  Drone x2  
  60  5:02  Zerg Ground Armor Level 1  
  60  5:10  Roach x3  
  65  5:16  Roach x2  
  69  5:27  Roach x3  
  73  5:31  Roach x3  
  73  5:32  Roach  
  75  5:38  Roach x2  
  75  5:41  Roach  
  73  5:44  Roach  
  73  5:47  Roach  
  65  5:54  Roach x2  
  65  5:56  Zergling x2  
  65  5:57  Zergling x8  
  62  6:15  Roach x3  
  66  6:22  Roach x2  
  65  6:26  Roach  
  65  6:32  Roach  
  57  6:41  Extractor  
  57  6:43  Hydralisk Den  
  53  6:48  Zergling x6  
  53  6:49  Queen  
  53  6:50  Queen  
  60  6:57  Zergling x2  
  61  7:04  Hatchery  
  61  7:06  Zergling x4  
  62  7:11  Zergling x2  
  62  7:14  Zergling x2  
Show
View Real Time Build Order
Export as new Build Order

PaRaGoNPasT Zerg - Winner!

Build Orders: Hatch First 

Get SALT Encoding   

  12  0:00  Drone  
  13  0:12  Overlord  
  13  0:17  Drone  
  14  0:30  Drone x2  
  16  0:49  Hatchery  
  15  0:52  Drone  
  15  0:55  Drone  
  17  0:59  Drone  
  18  1:10  Extractor  
  17  1:14  Spawning Pool  
  17  1:17  Drone  
  17  1:20  Drone  
  18  1:28  Drone  
  19  1:38  Overlord  
  19  1:50  Drone  
  20  2:02  Queen x2  
  20  2:03  Zergling x4  
  26  2:10  Metabolic Boost  
  26  2:11  Drone  
  26  2:12  Drone  
  28  2:22  Drone x2  
  30  2:36  Hatchery  
  29  2:39  Drone  
  29  2:42  Drone  
  31  2:47  Baneling Nest  
  30  2:53  Overlord  
  30  2:54  Zergling x2  
  30  3:01  Zergling x2, Evolution Chamber  
  30  3:04  Zergling x2  
  31  3:06  Zergling x2  
  31  3:09  Drone  
  34  3:12  Drone  
  34  3:14  Drone  
  34  3:18  Drone  
  34  3:19  Drone  
  37  3:22  Drone  
  37  3:24  Drone  
  39  3:27  Drone  
  39  3:31  Zerg Missile Weapons Level 1  
  41  3:35  Roach Warren  
  41  3:37  Drone  
  41  3:39  Drone  
  42  3:42  Extractor  
  41  3:55  Overlord  
  41  3:56  Overlord x2  
  41  4:17  Roach  
  41  4:18  Roach x7  
  41  4:19  Roach  
  59  4:25  Roach x2  
  59  4:28  Roach  
  67  4:31  Roach  
  67  4:35  Roach  
  67  4:37  Overlord  
  69  4:40  Drone  
  69  4:42  Drone  
  69  4:44  Drone  
  72  4:53  Lair  
  72  4:54  Drone x2  
  72  4:57  Drone  
  72  4:58  Drone  
  72  4:59  Drone  
  77  5:01  Drone  
  78  5:09  Overlord  
  77  5:15  Drone  
  77  5:16  Drone x3, Overlord  
  77  5:29  Drone x6  
  77  5:30  Drone x2  
  83  5:38  Drone, Overlord  
  82  5:46  Extractor x2  
  80  5:50  Extractor  
  80  5:51  Drone x2  
  80  5:52  Extractor  
  80  5:53  Drone x4  
  80  5:56  Drone x2, Spire  
  85  5:58  Drone  
  85  6:00  Drone, Spine Crawler  
  87  6:04  Drone  
  87  6:05  Drone x2  
  87  6:08  Overlord  
  79  6:30  Spine Crawler  
  79  6:31  Drone, Spine Crawler x3  
  79  6:32  Drone  
  71  6:33  Drone x5  
  71  6:34  Drone, Spine Crawler  
  71  6:35  Drone x2  
  76  6:45  Queen  
  76  6:46  Overlord x2  
  72  7:07  Mutalisk x9  
  90  7:10  Zergling x4  
  90  7:11  Zergling x6  
  95  7:16  Baneling Nest  
Tags
 
Add a new tag
Caveats
  • Supply blocks, unpowered buildings, or Contaminate may cause inaccurate times.
  • Supply counts are checked every 10 seconds.